 Dungeon Crawl Stone Soup version 0.31-a0-986-g5e6e4ef867 (webtiles) character file.

Game seed: 6866003711171853452

98 promet the Conjurer (level 4, 0/29 HPs)
             Began as an Octopode Conjurer on Nov 16, 2023.
             Was an Initiate of Sif Muna.
             Slain by Grinder (3 damage)
             ... while paralysed by Grinder
             ... on level 3 of the Dungeon.
             The game lasted 00:09:10 (2954 turns).

promet the Conjurer (Octopode Conjurer)             Turns: 2954, Time: 00:09:10

Health: 0/29       AC:  1    Str:  8    XL:     4   Next: 69%
Magic:  4/7        EV:  2    Int: 20    God:    Sif Muna [......]
Gold:   131        SH:  0    Dex: 10    Spells: 4/7 levels left

rFire   . . .        b - +0 sling
rCold   . . .        (no shield)
rNeg    . . .        (helmet restricted)
rPois   .            (no amulet)
rElec   .            (no ring)
rCorr   .            (no ring)
SInv    .            (no ring)
Will    .....        (no ring)
Stlth   +++          (no ring)
HPRegen 0.24/turn    (no ring)
MPRegen 0.10/turn    (no ring)
                     (no ring)

%: no passive effects
@: paralysed
A: almost no armour, amphibious, 8 rings, camouflage 1, gelatinous body 1,
(nimble swimmer 1), tentacles
a: Renounce Religion


You were on level 3 of the Dungeon.
You worshipped Sif Muna.
Sif Muna was noncommittal.
You visited 1 branch of the dungeon, and saw 3 of its levels.

You collected 131 gold pieces.

Inventory:

Hand Weapons
 a - a +0 long sword
 b - a +0 sling (weapon)
 d - a +0 spear
 l - a +3 dagger
Missiles
 k - 6 stones
Jewellery
 i - a +6 ring of strength
Scrolls
 g - a scroll of immolation
 j - a scroll of noise
Potions
 c - a potion of magic
 e - 2 potions of curing
 f - 2 potions of mutation {unknown}
 h - a potion of lignification


   Skills:
 * Level 2.0 Fighting
 + Level 1.0 Short Blades
 + Level 0.1(0.5) Long Blades
 + Level 1.4 Ranged Weapons
 + Level 2.2 Dodging
 + Level 3.4 Stealth
 + Level 2.2 Spellcasting
 + Level 4.4 Conjurations


You had 4 spell levels left.
You knew the following spells:

 Your Spells              Type           Power      Damage    Failure   Level
a - Magic Dart            Conj           76%        1d6       2%          1
b - Searing Ray           Conj           38%        2d5       3%          2

Your spell library contained the following spells:

 Spells                   Type           Power      Damage    Failure   Level
 Dazzling Flash           Conj/Hex       22%        N/A       19%         3
 Fulminant Prism          Conj/Hex       5%         3d6       52%         4
 Iskenderun's Mystic Bla  Conj/Tloc      11%        2d4       52%         4


Dungeon Overview and Level Annotations

Branches:
Dungeon (3/15)

Altars:
Gozag
Sif Muna

Annotations:
D:3 Grinder


Innate Abilities, Weirdness & Mutations

You cannot wear most types of armour.
You are amphibious.
You can wear up to eight rings at the same time.
Your skin changes colour to match your surroundings (Stealth+).
Your rubbery body absorbs attacks. (AC +1, EV +1)
((You are camouflaged when in or above water. (Stealth+)))
You have tentacles for arms and can constrict up to eight enemies at once.


Message History

The sling bullet barely misses the kobold.
You hear a shout!
Grinder comes into view.
You shoot a sling bullet.
The sling bullet closely misses Grinder.
The kobold throws a stone.
The stone barely misses you. Grinder barely misses you.
Okay, then.
Okay, then.
Casting: Magic Dart (safe; 2% risk of failure)
Confirm with . or Enter, or press ? or * to list all spells.
Okay, then.
Casting: Magic Dart (safe; 2% risk of failure)
Confirm with . or Enter, or press ? or * to list all spells.
Aiming: Searing Ray (safe; 3% risk of failure)
Press: ? - help, Shift-Dir - straight line, f/p - Grinder
Aim: Grinder (75% to hit)
The searing ray hits Grinder.
Grinder is lightly wounded. (Press . to maintain the ray.)
The kobold throws a stone.
The stone misses you.
The stone hits Grinder but does no damage.
Grinder gestures at you. Pain shoots through your body!
The searing ray hits Grinder.
Grinder is lightly wounded.
A ball python comes into view.
The kobold throws a stone.
The stone closely misses you.
The stone hits Grinder but does no damage.
Grinder gestures at you.
You suddenly lose the ability to move!
The kobold throws a stone.
The stone hits you. Grinder hits you.
You writhe in agony.
Grinder hits you but does no damage.
The kobold throws a stone.
The stone hits you. Grinder hits you! Grinder hits you!
* * * LOW HITPOINT WARNING * * *
You writhe in agony.
You die...
Grinder says, "Now the real fun starts!"

###.#######...#)..#
#....)...........#
###########......#
####.### #.# #.#
#.# ## #K# .# #@#
## #5# .S. ##.#.
#.... ### .. ...
###.. ##.(


You could see Grinder, a ball python and a kobold.

Vanquished Creatures
  Jessica (D:3)
  3 adders (D:2)
  A worm (D:3)
  2 orcs (D:3)
  3 endoplasms
  3 giant cockroaches
  3 goblins (D:1)
  4 hobgoblins
  A jackal (D:1)
  3 kobolds
  2 quokkas
  4 ball pythons
  4 bats
  2 frilled lizards
  2 rats (D:2)
38 creatures vanquished.

Notes
Turn   | Place    | Note
-------+----------+-------------------------------------------
     0 | D:1      | promet the Octopode Conjurer began the quest for the Orb.
     0 | D:1      | Reached XP level 1. HP: 11/11 MP: 3/3
   485 | D:1      | Reached XP level 2. HP: 18/18 MP: 5/5
   927 | D:2      | Learned a level 2 spell: Searing Ray
  1011 | D:2      | Reached skill level 1 in Fighting
  1290 | D:2      | Reached XP level 3. HP: 22/23 MP: 6/6
  2192 | D:2      | Reached XP level 4. HP: 28/28 MP: 7/7
  2476 | D:2      | Found a shimmering blue altar of Sif Muna.
  2512 | D:2      | Became a worshipper of Sif Muna the Loreminder
  2580 | D:3      | Noticed Jessica
  2585 | D:3      | Killed Jessica
  2586 | D:3      | Reached skill level 1 in Short Blades
  2586 | D:3      | Reached skill level 1 in Ranged Weapons
  2820 | D:3      | Found an opulent altar of Gozag.
  2947 | D:3      | Noticed Grinder
  2950 | D:3      | Paralysed by Grinder for 5 turns
  2954 | D:3      | Slain by Grinder

Illustrated notes

Levels and vault maps discovered:
D:1:      mainiacjoe_arrival_reflecting_pool, layout_loops_ring,
          minmay_pentomino_o4
D:2:      layout_basic, basic_altar, grunt_ministairs_12, minmay_ruptured
D:3:      layout_loops_ring, mainiacjoe_overflow_alcove_1,
          ebering_ghost_disaster_area,
          dreamdust_ecumenical_altar_hidden_monk_grotto, uniq_grinder,
          uniq_jessica

Skill      XL: |  1  2  3  4 |
---------------+-------------+-----
Stealth        | 3 |  3.4
Fighting       | 1 2 |  2.0
Short Blades   | 1 |  1.0
Ranged Weapons | 1 |  1.4
Long Blades    | |  0.1
Dodging        | |  2.2
Spellcasting   | |  2.2
Conjurations   | |  4.4

Action                     |  1- 3 |  4- 6 || total
---------------------------+-------+-------++-------
  Melee: Dagger            |    29 |    12 ||    41
         Constrict         |     8 |     4 ||    12
         Tentacles         |     5 |     4 ||     9
         Long sword        |     1 |     2 ||     3
   Fire: Sling             |    33 |     5 ||    38
   Cast: Magic Dart        |     8 |     2 ||    10
         Searing Ray       |     2 |     2 ||     4
    Use: Scroll            |     5 |       ||     5
   Stab: Sleeping          |     5 |     2 ||     7
 Armour: Skin              |    16 |    16 ||    32
  Dodge: Dodged            |    24 |    11 ||    35

Table legend: (Time is in decaauts)
 A = Elapsed time spent in this place.
 B = Non-inter-level travel time spent in this place.
 C = Inter-level travel time spent in this place.
 D = Time resting spent in this place.
 E = Time spent auto-exploring this place.
 F = Levels seen in this place.
 G = Mean time per level.
                   A        B        C        D        E       F      G
               +--------+--------+--------+--------+--------+-----+--------+
         Total |   2956 |   2896 |     60 |   1039 |   1178 |   3 |  985.3 |
       Dungeon |   2956 |   2896 |     60 |   1039 |   1178 |   3 |  985.3 |
               +--------+--------+--------+--------+--------+-----+--------+

Top non-repeatable levels by time:
     D:2: 1642 daAuts
     D:1: 916 daAuts
     D:3: 397 daAuts
